 Dungeon Crawl Stone Soup version 0.17.0-28-g6e173f8 (webtiles) character file.

1262 homeworkjunkie the Covert (level 8, 0/39 HPs)
             Began as a Spriggan Assassin on Nov 29, 2015.
             Was an Initiate of Okawaru.
             Slain by an orc
             ... wielding a cursed +0 hand axe
              (2 damage)
             ... on level 7 of the Dungeon.
             The game lasted 00:08:58 (5620 turns).

homeworkjunkie the Covert (Spriggan Assassin)       Turns: 5620, Time: 00:08:59

Health: 0/39       AC:  3    Str:  7    XL:     8   Next: 27%
Magic:  12/12      EV: 17    Int: 13    God:    Okawaru [......]
Gold:   251        SH:  0    Dex: 19    Spells: 0 memorised, 7 levels left

rFire  . . .     SeeInvis +     a - +4 dagger (venom)
rCold  . . .     Clarity  .     c - +0 robe
rNeg   + . .     SustAt   +     (shield restricted)
rPois  +         Gourm    .     (helmet restricted)
rElec  .         Spirit   .     d - +0 cloak
rCorr  .         Warding  +     (gloves unavailable)
rMut   .         Stasis   .     (boots unavailable)
MR     +....                    k - amulet of warding
Stlth  ++++++....               A - ring of poison resistance
                                q - ring of sustain attributes

@: drained, very quick, somewhat resistant to hostile enchantments, very
stealthy
A: unfitting armour, see invisible, herbivore 3, speed 3, slow metabolism 2
a: Renounce Religion


You were on level 7 of the Dungeon.
You worshipped Okawaru.
Okawaru was noncommittal.
You were not hungry.

You visited 2 branches of the dungeon, and saw 9 of its levels.

You collected 251 gold pieces.

Inventory:

Hand Weapons
 a - a +4 dagger of venom (weapon)
 b - a +0 blowgun
Missiles
 e - 19 poisoned needles
 i - 49 sling bullets
 o - 2 curare-tipped needles
 p - 3 tomahawks (quivered)
 y - 5 needles of frenzy
 z - 5 poisoned tomahawks
Armour
 c - a +0 robe (worn)
 d - a +0 cloak (worn)
Jewellery
 k - an amulet of warding (around neck)
 q - a ring of sustain attributes (left hand)
 A - a ring of poison resistance (right hand)
Wands
 f - a wand of invisibility (0)
 u - a wand of draining (11)
Scrolls
 j - 3 scrolls of teleportation
 r - a scroll of remove curse
 D - a scroll of identify
 F - a scroll of amnesia
Potions
 h - 6 potions of curing
 l - a potion of flight {unknown}
 m - a potion of lignification
 n - a potion of resistance
 s - 2 potions of cancellation
 t - a potion of poison {unknown}
 v - a potion of agility {unknown}
 w - 2 potions of magic {unknown}
 B - a potion of mutation
 C - a potion of might {unknown}
Comestibles
 g - 5 bread rations
 x - a royal jelly


   Skills:
 * Level 2.7(2.6) Fighting
 * Level 4.1(3.9) Short Blades
 * Level 3.4(3.2) Throwing
 * Level 6.4(6.2) Dodging
 * Level 11.4(11.2) Stealth
 * Level 4.0(3.9) Evocations


You had 7 spell levels left.
You didn't know any spells.

Dungeon Overview and Level Annotations

Branches:
Dungeon (8/15)             Temple (1/1) D:7
   Lair: D:8-11

Altars:
Cheibriados
Fedhas
Kikubaaqudgha
Makhleb
Nemelex Xobeh
Okawaru
Vehumet
Xom
Yredelemnul
Zin


Innate Abilities, Weirdness & Mutations

You are tiny and cannot use many weapons and most armour.
You have supernaturally acute eyesight.
You are a herbivore.
You cover ground extremely quickly.
You need consume almost no food.


Message History

Where to? (Enter - D:7, ? - help)
The sentinel's mark upon you fades away.
There is a stone staircase leading up here.
You climb upwards.
An iguana comes into view.
The adder closely misses you. The wight hits you with a halberd!
The centaur zombie completely misses you.
The wight completely misses you. The orc misses you.
The adder barely misses you.
The centaur zombie completely misses you.
A hound and a wight come into view.
There is a stone staircase leading down here.
The wight hits you with a halberd.
The orc throws a tomahawk.
The tomahawk hits you. The adder closely misses you.
The wight hits you with a great sword!
* * * LOW HITPOINT WARNING * * *
You partially resist.
You feel drained.
* * * LOW HITPOINT WARNING * * *
The orc hits you with a hand axe.
You die...

####.##
................
####.#
..##z.....O.####
.....# !
#..#...#.####.#
##.#..
.##.l....<....$.#.
......
..................
......
.####.............
.....#
##(...........
######
#zzZ......... ....
# #S@o.........
....
#.##..........#
....
###...(.........#
....
#.....o(..........#
....
..###bo##.........#
#### #o.
#.......... .h..
#....o..... o.#..
#........$. .#.#..
###+#####..


You could see an orc warrior, an ogre, an iguana, a hound, 3 wights, an orc
wizard, an adder, 3 orcs and a centaur zombie.

Vanquished Creatures
  An ice beast (D:3)
  A sky beast (D:5)
  A phantom (D:8)
  2 ogres
  A water moccasin zombie (D:7)
  2 scorpions (D:4)
  An orc priest (D:4)
  A crimson imp (D:5)
  A jelly (D:5)
  2 giant frog skeletons
  Crazy Yiuf (D:4)
  Ijyb (D:2)
  3 orc wizards (D:4)
  8 worker ants
  A hound zombie (D:7)
  A mummy (D:5)
  A gnoll (D:1)
  5 adders
  An adder skeleton (D:4)
  5 worms
  16 orcs
  5 bats
  4 giant cockroaches
  6 goblins
  7 hobgoblins
  10 jackals
  4 quokkas
  A ball python (D:1)
  6 giant geckos
  A giant gecko zombie (D:7)
  6 giant newts
  A jackal skeleton (D:4)
  3 kobolds
  2 quokka skeletons (D:5)
  9 rats
121 creatures vanquished.

Notes
Turn   | Place    | Note
--------------------------------------------------------------
     0 | D:1      | homeworkjunkie the Spriggan Assassin began the quest for the Orb.
     0 | D:1      | Reached XP level 1. HP: 10/10 MP: 2/2
    89 | D:1      | Reached skill level 6 in Stealth
   100 | D:1      | Reached XP level 2. HP: 14/14 MP: 3/3
   344 | D:2      | Noticed Ijyb
   432 | D:2      | Reached XP level 3. HP: 15/18 MP: 4/4
   494 | D:2      | Killed Ijyb
   494 | D:2      | Reached skill level 7 in Stealth
   629 | D:2      | Reached XP level 4. HP: 23/23 MP: 5/5
  1447 | D:2      | Found a sparkling altar of Nemelex Xobeh.
  1458 | D:2      | Found a glowing silver altar of Zin.
  1464 | D:2      | Found a shimmering altar of Xom.
  1960 | D:4      | Reached skill level 8 in Stealth
  1960 | D:4      | Reached skill level 1 in Evocations
  1960 | D:4      | Reached XP level 5. HP: 10/26 MP: 6/6
  2657 | D:3      | Noticed an ice beast
  2690 | D:3      | Killed an ice beast
  2690 | D:3      | Reached XP level 6. HP: 5/30 MP: 8/8
  3312 | D:5      | Entered Level 5 of the Dungeon
  3360 | D:5      | Reached skill level 5 in Dodging
  3360 | D:5      | Reached skill level 9 in Stealth
  3444 | D:4      | Noticed Crazy Yiuf
  3453 | D:4      | Killed Crazy Yiuf
  3683 | D:4      | Reached XP level 7. HP: 33/35 MP: 9/9
  3973 | D:4      | Reached skill level 10 in Stealth
  4835 | D:5      | Reached XP level 8. HP: 12/39 MP: 11/11
  5263 | D:5      | Found a sparkling altar of Nemelex Xobeh.
  5367 | D:5      | Found a snail-covered altar of Cheibriados.
  5444 | D:6      | Reached skill level 11 in Stealth
  5507 | D:7      | Found a staircase to the Ecumenical Temple.
  5514 | Temple   | Entered the Ecumenical Temple
  5531 | Temple   | Became a worshipper of Warmaster Okawaru
  5620 | D:7      | Slain by an orc

Action                   |  1- 3 |  4- 6 |  7- 9 || total
-------------------------+-------+-------+-------++-------
Melee: Dagger            |    73 |   147 |   123 ||   343
 Fire: Blowgun           |    10 |     6 |       ||    16
Throw: Tomahawk          |       |     2 |     3 ||     5
Evoke: Wand              |       |     1 |     2 ||     3
  Use: Scroll            |     2 |     6 |     6 ||    14
       Potion            |       |       |     1 ||     1
 Stab: Sleeping          |     6 |    18 |    11 ||    35
       Distracted        |       |     1 |       ||     1
       Invisible         |       |       |     8 ||     8
  Eat: Fruit             |       |     3 |       ||     3
